Map: King's Cove LE

Players

Denver - Winner!

  • Race: Zerg Zerg
  • Spawn Location: 11:00

Souleer

  • Race: Zerg Zerg
  • Spawn Location: 5:00

Event: IEM Season 13: Katowice (2019)

VOD

Have the link to the VOD?

Description

Time

  • Played on: Feb. 26, 2019, 9:49 a.m.
  • Length: 12:00

All games in this series

Show
View Real Time Build Order
Export as new Build Order

Denver Zerg - Winner!

Build Orders: Hatch First, Zergling Baneling 

Get SALT Encoding   

  12  0:00  Drone  
  13  0:12  Overlord  
  13  0:17  Drone  
  14  0:31  Drone x2  
  16  0:49  Hatchery  
  15  0:53  Drone  
  15  0:57  Drone  
  17  1:00  Drone  
  18  1:11  Extractor  
  17  1:16  Spawning Pool  
  16  1:19  Drone  
  16  1:23  Drone  
  18  1:28  Drone  
  19  1:38  Drone  
  20  1:49  Drone  
  21  2:00  Overlord  
  21  2:03  Queen x2  
  21  2:05  Zergling x2  
  26  2:12  Metabolic Boost  
  26  2:14  Zergling x2  
  27  2:18  Drone  
  28  2:27  Drone x2  
  30  2:39  Hatchery  
  29  2:45  Baneling Nest  
  29  2:48  Zergling x2  
  29  2:50  Drone  
  30  2:53  Drone  
  30  2:55  Drone  
  32  3:01  Overlord  
  32  3:04  Drone  
  33  3:09  Drone x2  
  34  3:14  Overlord  
  34  3:17  Zergling x2  
  35  3:21  Zergling x4  
  35  3:22  Drone  
  35  3:25  Drone  
  39  3:29  Overlord  
  39  3:34  Zergling x4  
  41  3:39  Baneling x2  
  41  3:40  Zergling x2  
  42  3:44  Zergling x6  
  45  3:51  Zergling x6  
  45  3:53  Baneling x2  
  48  3:56  Zergling x4  
  50  4:05  Zergling x2  
  50  4:06  Zergling x6  
  50  4:07  Baneling x2  
  47  4:25  Baneling x2  
  47  4:29  Zergling x12  
  47  4:30  Zergling x2  
  52  4:34  Queen  
  52  4:35  Extractor  
  52  4:37  Evolution Chamber, Baneling x2  
  52  4:41  Spine Crawler  
  52  4:43  Drone x2  
  53  4:48  Baneling  
  52  4:58  Drone x3  
  55  5:08  Zergling x8  
  57  5:16  Zergling x4  
  57  5:21  Baneling x5  
  55  5:24  Drone  
  55  5:25  Drone  
  55  5:39  Zergling x2  
  55  5:40  Zergling x6  
  56  5:47  Zergling x8  
  58  5:53  Zergling x2  
  58  5:55  Baneling x2  
  58  5:57  Zergling x2  
  59  6:01  Hatchery  
  59  6:04  Zergling x2  
  58  6:07  Zerg Ground Armor Level 1  
  57  6:14  Zergling x2  
  57  6:15  Zergling x2  
  57  6:18  Baneling x3  
  55  6:23  Zergling x8  
  59  6:27  Zergling x2  
  59  6:30  Baneling x2  
  52  6:33  Zergling x2  
  52  6:35  Lair  
  53  6:43  Zergling x8  
  54  6:49  Zergling x2  
  54  6:53  Drone x3  
  56  7:00  Zergling x2  
  56  7:10  Extractor x2  
  56  7:13  Drone, Baneling x2  
  56  7:14  Drone x2  
  58  7:15  Drone x2  
  58  7:16  Drone  
  59  7:23  Drone x3  
  62  7:30  Drone x2  
  62  7:34  Spire, Overlord  
  62  7:36  Extractor  
  62  7:39  Drone  
  62  7:40  Drone x3  
  64  7:55  Zergling x2  
  64  7:56  Zergling x12  
  70  7:59  Drone x3  
  70  8:02  Overlord  
  70  8:03  Overlord  
  70  8:05  Spine Crawler  
  72  8:07  Baneling x2  
  72  8:11  Overlord  
  72  8:16  Overlord  
  72  8:21  Overlord  
  72  8:22  Extractor  
  71  8:33  Drone x2  
  71  8:34  Drone x7  
  78  8:38  Overlord  
  78  8:40  Spore Crawler  
  74  8:44  Overlord  
  74  8:48  Mutalisk x3  
  74  8:51  Mutalisk  
  82  8:56  Zerg Melee Weapons Level 1  
  82  8:57  Mutalisk  
  82  9:02  Mutalisk  
  81  9:06  Mutalisk x2  
  86  9:11  Mutalisk  
  86  9:14  Mutalisk x2  
  91  9:20  Zergling x6  
  94  9:28  Zerg Flyer Weapons Level 1  
  94  9:31  Mutalisk x3  
  97  9:40  Mutalisk  
  97  9:42  Zergling x12  
  102  9:50  Zergling x12  
  107  9:58  Zergling x2  
  107  9:59  Zergling x10  
  106  10:04  Drone x3  
  106  10:05  Drone  
  105  10:10  Zergling x4  
  104  10:15  Drone x4  
  104  10:21  Hydralisk Den  
  107  10:22  Drone x2  
  107  10:28  Drone x3  
  112  10:37  Pneumatized Carapace  
  112  10:45  Zergling x8  
  112  10:46  Hatchery  
  114  10:52  Zergling x10  
  116  11:01  Zergling x2  
  116  11:02  Zergling x12  
  113  11:10  Zergling x8  
  110  11:26  Mutalisk x3  
  114  11:54  Lurker Den  
Show
View Real Time Build Order
Export as new Build Order

Souleer Zerg 

Build Orders: Pool First, Zergling Baneling 

Get SALT Encoding   

  12  0:00  Drone  
  13  0:12  Overlord  
  13  0:17  Drone  
  14  0:31  Drone x2  
  14  0:35  Drone  
  17  0:45  Spawning Pool  
  17  0:48  Drone  
  17  1:10  Hatchery  
  16  1:12  Drone  
  16  1:17  Extractor  
  16  1:31  Queen  
  16  1:32  Zergling x4  
  20  1:34  Drone  
  21  1:45  Overlord  
  21  1:55  Drone  
  22  2:06  Drone  
  22  2:07  Queen  
  25  2:17  Drone  
  25  2:19  Metabolic Boost  
  25  2:22  Drone  
  27  2:27  Drone  
  28  2:33  Drone  
  29  2:40  Drone x3  
  29  2:43  Overlord  
  32  2:44  Drone  
  32  2:51  Baneling Nest  
  32  2:52  Drone  
  32  2:55  Drone  
  33  3:09  Hatchery  
  32  3:14  Zergling x4  
  32  3:16  Zergling x2  
  32  3:19  Zergling x2  
  36  3:22  Zergling x2  
  36  3:23  Zergling x2  
  36  3:26  Zergling x2  
  39  3:29  Overlord  
  39  3:31  Zergling x2  
  39  3:33  Zergling x2  
  41  3:35  Baneling  
  41  3:36  Baneling  
  41  3:39  Zergling x2  
  41  3:41  Drone  
  43  3:42  Zergling x2  
  43  3:46  Overlord  
  44  3:50  Zergling x2  
  44  3:54  Zergling x4  
  47  3:59  Zergling x6  
  49  4:03  Baneling x2  
  49  4:05  Zergling x2  
  49  4:08  Baneling x2  
  50  4:14  Zergling x4  
  49  4:20  Spine Crawler  
  49  4:22  Zergling x10  
  51  4:26  Drone  
  51  4:27  Drone  
  52  4:34  Drone x2  
  55  4:39  Evolution Chamber  
  55  4:41  Hatchery  
  54  4:49  Drone x3  
  54  4:52  Hatchery, Baneling x2  
  55  4:56  Drone  
  55  4:59  Overlord  
  53  5:16  Drone x6  
  56  5:33  Drone x2  
  56  5:34  Overlord  
  57  5:36  Drone x2  
  57  5:38  Baneling x2  
  58  5:45  Zergling x2  
  58  5:48  Zergling x2  
  58  5:49  Zergling x10  
  60  5:54  Queen  
  60  6:00  Zergling x4  
  56  6:06  Zergling x2  
  56  6:08  Baneling x3  
  52  6:13  Zergling x4, Baneling  
  52  6:15  Baneling  
  52  6:18  Queen x2  
  53  6:19  Zergling x2  
  53  6:24  Zergling x4  
  58  6:27  Spine Crawler, Zergling x6  
  58  6:30  Queen  
  58  6:31  Zergling x2  
  59  6:34  Zergling x4  
  59  6:35  Baneling  
  59  6:37  Baneling  
  59  6:38  Zergling x2  
  61  6:46  Zergling x4  
  62  6:51  Zergling x2  
  61  6:54  Zergling x2  
  61  6:58  Zergling x2  
  61  7:00  Queen  
  63  7:01  Queen  
  63  7:03  Spine Crawler  
  63  7:05  Zergling x2  
  65  7:11  Queen  
  65  7:12  Overlord  
  65  7:14  Drone x3  
  65  7:15  Drone x4  
  74  7:21  Drone x3  
  76  7:27  Baneling x2  
  76  7:32  Overlord  
  76  7:33  Drone x2  
  76  7:34  Drone x3  
  76  7:36  Extractor  
  80  7:37  Extractor  
  80  7:39  Roach Warren  
  80  7:43  Drone x4  
  82  7:49  Drone x4  
  81  7:53  Extractor  
  81  7:54  Extractor  
  79  8:04  Zerg Missile Weapons Level 1  
  79  8:07  Extractor  
  78  8:13  Overlord  
  78  8:16  Lair  
  78  8:17  Drone  
  78  8:18  Drone x2  
  79  8:36  Overlord  
  79  8:38  Roach  
  79  8:39  Roach x11  
  99  8:42  Roach x2  
  99  8:46  Overlord  
  99  8:47  Roach x2  
  106  8:48  Overlord x2  
  106  8:52  Overlord  
  106  8:56  Roach x2  
  106  9:00  Roach  
  111  9:03  Roach  
  111  9:07  Roach  
  115  9:11  Roach x3  
  115  9:12  Roach  
  115  9:15  Roach  
  115  9:16  Roach x2  
  129  9:18  Glial Reconstitution  
  131  9:24  Roach x2  
  131  9:31  Roach x3  
  137  9:34  Burrow  
  133  9:38  Drone x4  
  133  9:43  Zergling x6  
  137  9:46  Zergling x2  
  137  9:50  Overlord  
  132  9:57  Zergling x12  
  128  10:04  Zergling x2  
  128  10:05  Zergling x6  
  122  10:08  Zergling x4  
  122  10:14  Zergling x10  
  114  10:20  Nydus Network  
  104  10:30  Spore Crawler  
  104  10:31  Spore Crawler  
  98  10:36  Queen x2  
  102  10:44  Queen  
  102  10:46  Zergling x16  
  112  10:52  Zergling x2  
  112  10:53  Zergling x4  
  112  10:54  Zergling x6  
  105  10:59  Zergling x8  
  105  11:03  Zergling x4  
  85  11:08  Zergling x4  
  77  11:11  Nydus Canal  
  77  11:12  Zergling x2  
  72  11:22  Roach x3  
  76  11:26  Zergling x6  
  70  11:39  Drone x4  
  73  11:40  Drone x2  

Tags
 
Add a new tag
Caveats
  • Supply blocks, unpowered buildings, or Contaminate may cause inaccurate times.
  • Supply counts are checked every 10 seconds.